 Dungeon Crawl Stone Soup version 0.17-a0-1798-g879a7aa (webtiles) character file.

62 shakdrar the Skirmisher (level 3, 0/27 HPs)
             Began as a Demonspawn Abyssal Knight on Sept 10, 2015.
             Was a Believer of Lugonu.
             Slain by Crazy Yiuf
             ... wielding a +3 quarterstaff of chaos
              (7 damage)
             ... on level 2 of the Dungeon.
             The game lasted 00:06:00 (2305 turns).

shakdrar the Skirmisher (Demonspawn Abyssal Knight) Turns: 2305, Time: 00:06:00

Health: 0/27       AC:  5    Str: 15    XL:     3   Next: 85%
Magic:  2/5        EV: 10    Int: 13    God:    Lugonu [**....]
Gold:   152        SH:  0    Dex: 12    Spells: 0 memorised, 2 levels left

rFire  . . .     SeeInvis .     a - +1 hand axe
rCold  . . .     Clarity  .     d - +0 ring mail
rNeg   . . .     SustAt   .     (no shield)
rPois  .         Gourm    .     (helmet restricted)
rElec  .         Spirit   .     (no cloak)
rCorr  .         Warding  .     (no gloves)
rMut   .         Stasis   .     (no boots)
MR     +....                    (no amulet)
Stlth  +.........               (no ring)
                                (no ring)

@: slowed, very slow, somewhat resistant to hostile enchantments, very
unstealthy
A: antennae 1, frail 1, magic resistance 1, strong 1
a: Depart the Abyss, Bend Space, Renounce Religion


You were on level 2 of the Dungeon.
You worshipped Lugonu.
Lugonu was pleased with you.
You were not hungry.

You visited 1 branch of the dungeon, and saw 2 of its levels.
You visited the Abyss 1 time.

You collected 152 gold pieces.

Inventory:

Hand weapons
 a - a +1 hand axe (weapon)
Missiles
 g - 16 poisoned needles
Armour
 d - a +0 ring mail (worn)
 f - a +0 helmet
Potions
 e - a potion of resistance
Comestibles
 c - 3 bread rations


   Skills:
 + Level 3.9 Fighting
 + Level 2.2 Axes
 + Level 2.2 Armour
 - Level 0.8 Dodging
 + Level 3.2 Invocations


You had 2 spell levels left.
You didn't know any spells.

Dungeon Overview and Level Annotations

Branches:
Dungeon (2/15)

Altars:
Gozag
Makhleb
Nemelex Xobeh

Annotations:
D:2 Crazy Yiuf


Innate Abilities, Weirdness & Mutations

You have a pair of small antennae on your head.
You are frail (-10% HP).
You are resistant to hostile enchantments.
Your muscles are strong. (Str +2)


Message History

Space bends around you!
You blink.
* * * LOW HITPOINT WARNING * * *
You feel slightly more hungry. Crazy Yiuf barely misses you.
Use which ability?
Space bends around you!
You blink.
* * * LOW HITPOINT WARNING * * *
You feel slightly more hungry.
Crazy Yiuf grits, "Prologue!"
Drink which item? (? for menu, Esc to quit)
You feel better.
Drink which item? (? for menu, Esc to quit)
Okay, then.
Use which ability?
Space bends around you!
You blink.
You feel slightly more hungry.
Crazy Yiuf hits you with a quarterstaff of chaos.
* * * LOW HITPOINT WARNING * * *
You feel yourself slow down.
Crazy Yiuf screams, "Defame!"
Crazy Yiuf hits you with a quarterstaff of chaos!
You die...

.....# #.#
..#### ###
).# ..#
##### #.#
#..)# #.#
#...# #.#
#...# #.#
#### ##g##
#.# #..#
##@# #.####
#.## #.##
#....# #.#
##.# ####.#
#.## #.##
#.<#.####..#
##.##
.[##.....###
#.P.##
########.#
#.P.P# #.#
##..##
#.#####....#


You could see Crazy Yiuf.

Vanquished Creatures
  3 adders
  An ooze (D:1)
  2 giant geckos
  3 giant cockroaches (D:1)
  4 goblins
  A hobgoblin (D:1)
  2 kobolds (D:1)
  7 bats
  2 giant newts (D:1)
  2 jackals (D:2)
  8 rats
35 creatures vanquished.

Notes
Turn   | Place    | Note
--------------------------------------------------------------
     0 | Abyss:1  | shakdrar the Demonspawn Abyssal Knight began the quest for the Orb.
     0 | Abyss:1  | Reached XP level 1. HP: 18/18 MP: 2/2
     8 | D:1      | Escaped the Abyss
   377 | D:1      | Gained mutation: You have a pair of small antennae on your head. [demonic ancestry]
   377 | D:1      | Reached XP level 2. HP: 16/24 MP: 4/4
   619 | D:1      | Acquired Lugonu's second power
   644 | D:1      | Gained mutation: Your muscles are strong. (Str +2) [potion of mutation]
   644 | D:1      | Gained mutation: You are resistant to hostile enchantments. [potion of mutation]
   644 | D:1      | Gained mutation: You are frail (-10% HP). [potion of mutation]
   674 | D:1      | Found a sparkling altar of Nemelex Xobeh.
  1096 | D:1      | Reached XP level 3. HP: 13/27 MP: 5/5
  1491 | D:2      | Found a burning altar of Makhleb.
  2177 | D:2      | Found an opulent altar of Gozag.
  2289 | D:2      | Noticed Crazy Yiuf
  2300 | D:2      | HP: 1/27 [spatial distortion (3)]
  2305 | D:2      | Slain by Crazy Yiuf

Vault maps used:
D:1:      dpeg_arrival_prison, serial_park_tiny_1, serial_bayou_pond_a,
          minmay_crystal_water, nemelex_xobeh_ov_fountains_minmay
D:2:      nicolae_overflow_crystal_walls, grunt_gozag_statues,
          uniq_crazy_yiuf_cottage
Abyss:1:  serial_sigils_hangedman_snap

Action                   || total
-------------------------++-------
Melee: Hand axe          ||   136
Invok: Bend Space        ||     3
  Use: Scroll            ||     3
       Potion            ||     4
  Eat: Chunk             ||     1
       Bread ration      ||     1
